cohdb
Replays
Latest Replays
All Replays
Popular Replays
Top Player Replays
Match Explorer
How It Works
Community
CoH3 Stats
Reddit
Sign in to upload your games and track your stats! →
Sign in with Steam
Match 47405917
Unlisted
Match 47405917
Overview
Messages
Build Orders
End
Construct Weapon Support Center
Selects Special Operations Battlegroup
Selects M29 Weasel Recon Vehicle
M29 Weasel Recon Vehicle
M1919 Machine Gun Team
Bazooka Squad
M1919 Machine Gun Team
Construct Medical Station
Infantry Support Center
Bazooka Squad
M3 Armored Personnel Carrier
Selects Raiding Flares
Advanced Logistics
Survival Training
Engineer Squad
Selects SSF Commando Squad
SSF Commando Squad
Improved M9 Bazooka Rockets
SSF Commando Squad
Construct Tank Depot
Hareun
spinn72
사람이왜살지
JT
Phan
MrBlueSteel
kamacura
Green Sea Squash
0
0
Comments
sign in to comment!
No comments posted yet!